 Dungeon Crawl Stone Soup version 0.29-a0-925-g0a7a3d12f8 (webtiles) character file.

Game seed: 15279641438232281216

78 Malachi the Cudgeller (level 4, -2/37 HPs)
             Began as a Palentonga Fighter on July 29, 2022.
             Slain by Crazy Yiuf
             ... wielding a +2 quarterstaff of chaos
              (10 damage)
             ... on level 2 of the Dungeon.
             The game lasted 00:01:27 (2063 turns).

Malachi the Cudgeller (Palentonga Fighter)          Turns: 2063, Time: 00:01:27

Health: -2/37      AC:  6    Str: 22    XL:     4   Next: 15%
Magic:  4/4        EV:  7    Int:  8    God:
Gold:   53         SH:  4    Dex:  9    Spells: 3/3 levels left

rFire   . . .      SeeInvis +   a - +0 flail
rCold   . . .      Faith    .   c - +0 buckler
rNeg    . . .      Spirit   .   b - +0 scale mail
rPois   .          Reflect  .   (no helmet)
rElec   .          Harm     .   (no cloak)
rCorr   .          Rampage  .   (no gloves)
Will    .....                   (no barding)
Stlth   ..........              (no amulet)
HPRegen 0.12/turn               (no ring)
MPRegen 0.09/turn               (no ring)

@: mighty
A: large, rugged brown scales 3, see invisible, deformed body, roll 1, armoured
tail
a: Rolling Charge


You were on level 2 of the Dungeon.
You visited 1 branch of the dungeon, and saw 2 of its levels.

You collected 53 gold pieces.

Inventory:

Hand Weapons
 a - a +0 flail (weapon)
Armour
 b - a +0 scale mail (worn)
 c - a +0 buckler (worn)
Scrolls
 e - a scroll of summoning {unknown}
 f - a scroll of magic mapping {unknown}
 g - a scroll of fog {unknown}
 h - a scroll of vulnerability {unknown}
Potions
 d - 2 potions of might
 i - a potion of haste
 j - 2 potions of curing {unknown}


   Skills:
 - Level 3.0 Fighting
 * Level 4.5 Maces & Flails
 - Level 2.4 Armour
 - Level 2.6 Shields


You had 3 spell levels left.
You didn't know any spells.
Your spell library contained the following spells:

 Spells                   Type           Power      Damage    Failure   Level
 Ignite Poison            Fire/Tmut/Pois 0%         N/A       99%         3
 Mephitic Cloud           Conj/Pois/Air  0%         N/A       99%         3
 Freezing Cloud           Conj/Ice/Air   0%         6-21      100%        5


Dungeon Overview and Level Annotations

Branches:
Dungeon (2/15)

Altars:

Annotations:
D:2 Crazy Yiuf


Innate Abilities, Weirdness & Mutations

You are completely covered in rugged brown scales. (AC +3, +7% HP)
You have supernaturally acute eyesight. (SInv)
Armour fits poorly on your strangely shaped body.
You can roll at nearby foes to attack.
You have a long armoured tail.


Message History

You see here a hobgoblin corpse.
Roll where?
Press: ? - help, Q - select action Dir - move target, f - goblin
Aim: a goblin, wielding a +0 dagger You roll forward with a clatter of scales!
You sock the goblin!
You kill the goblin!
No target in view!
Things that are here:
a +0 dagger; a goblin corpse
Found a runed translucent door.
Crazy Yiuf grits, "Ice sing-song arm!"
Crazy Yiuf shouts!
Crazy Yiuf says, "Peeping song senile!"
Could not explore, unopened runed door.
Could not explore, unopened runed door.
Could not explore, unopened runed door.
You open the door.
Crazy Yiuf glowers.
You feel very mighty all of a sudden.
Crazy Yiuf cries, "Candle arga horse!"
Crazy Yiuf drinks a potion.
Crazy Yiuf seems to speed up.
You barely miss Crazy Yiuf. Crazy Yiuf barely misses you.
Crazy Yiuf hits you with a +2 quarterstaff of chaos.
You sock Crazy Yiuf!
Crazy Yiuf is heavily wounded.
Crazy Yiuf says, "Scoff sizzlefizz senile!"
Crazy Yiuf hits you with a +2 quarterstaff of chaos!
Crazy Yiuf freezes you!
Crazy Yiuf hits you with a +2 quarterstaff of chaos.
* * * LOW HITPOINT WARNING * * *
Crazy Yiuf freezes you.
* * * LOW HITPOINT WARNING * * *
You sock Crazy Yiuf!
Your tail-slap misses Crazy Yiuf.
Crazy Yiuf is almost dead.
Crazy Yiuf barely misses you.
You closely miss Crazy Yiuf.
Crazy Yiuf is almost dead.
Crazy Yiuf hits you with a +2 quarterstaff of chaos!
You die...

# # # # # ## # ##. # ♣♣♣♣♣####
#.. # ### ♣♣♣.♣.....## #.. #
#...#♣..♣..P....# #.. ## ######
#...g@♣♣♣♣PP....# ##.. .# ##....#
#)..#♣♣ ♣♣.....###... .###.....#
### ♣♣###.##..#. .##......#
#..#.### .##......# ##...# #
.##......####################.#
......................#..####.###
.##................#####.##.....#
..#................# ###.#..###..


You could see Crazy Yiuf (fast).

Vanquished Creatures
  Jessica (D:2)
  An adder (D:2)
  3 worms (D:2)
  2 bats (D:2)
  3 endoplasms (D:1)
  2 giant cockroaches
  2 goblins
  5 hobgoblins
  A quokka (D:2)
  5 ball pythons
  4 frilled lizards
  3 kobolds
  2 rats
34 creatures vanquished.

Vanquished Creatures (others)
  4 toadstools (D:1)
4 creatures vanquished.

Grand Total: 38 creatures vanquished

Notes
Turn   | Place    | Note
-------+----------+-------------------------------------------
     0 | D:1      | Malachi the Palentonga Fighter began the quest for the Orb.
     0 | D:1      | Reached XP level 1. HP: 19/19 MP: 1/1
   219 | D:1      | Found a faded altar of an unknown god.
   289 | D:1      | Reached XP level 2. HP: 21/25 MP: 2/2
   480 | D:1      | Reached skill level 3 in Maces & Flails
  1588 | D:2      | Reached XP level 3. HP: 31/31 MP: 3/3
  1686 | D:2      | Noticed Jessica
  1689 | D:2      | Killed Jessica
  1690 | D:2      | Reached skill level 4 in Maces & Flails
  1697 | D:2      | Reached XP level 4. HP: 30/37 MP: 4/4
  1948 | D:2      | Found a runed translucent door.
  1949 | D:2      | Noticed Crazy Yiuf
  2063 | D:2      | Slain by Crazy Yiuf

Illustrated notes

Levels and vault maps discovered:
D:1:      ldierk_walled_garden_2, layout_loops_ring,
          shapermc_ecumenical_altar_mp_vishouse
D:2:      layout_rooms, dreamdust_princess_bridge, uniq_crazy_yiuf_cottage,
          uniq_jessica

Skill      XL: |  1  2  3 |
---------------+----------+-----
Maces & Flails | 3 4 |  4.5
Fighting       | |  3.0
Armour         | |  2.4
Shields        | |  2.6

Action                   |  1- 3 |  4- 6 || total
-------------------------+-------+-------++-------
Melee: Flail             |   110 |    16 ||   126
       Tailslap          |     9 |     1 ||    10
 Abil: Rolling Charge    |     3 |     2 ||     5
  Use: Potion            |       |     1 ||     1
Armor: Scale mail        |    65 |     7 ||    72
Dodge: Dodged            |    47 |     6 ||    53
Block: Buckler           |    16 |     3 ||    19

Table legend: (Time is in decaauts)
 A = Elapsed time spent in this place.
 B = Non-inter-level travel time spent in this place.
 C = Inter-level travel time spent in this place.
 D = Time resting spent in this place.
 E = Time spent auto-exploring this place.
 F = Levels seen in this place.
 G = Mean time per level.
                   A        B        C        D        E       F      G
               +--------+--------+--------+--------+--------+-----+--------+
         Total |   2099 |   2097 |      2 |    400 |   1424 |   2 | 1049.5 |
       Dungeon |   2099 |   2097 |      2 |    400 |   1424 |   2 | 1049.5 |
               +--------+--------+--------+--------+--------+-----+--------+

Top non-repeatable levels by time:
     D:2: 1083 daAuts
     D:1: 1015 daAuts
